 Dungeon Crawl Stone Soup version 0.28.0 (webtiles) character file.

Game seed: 14432918225572685486

978 porpoise the Skirmisher (level 8, -6/60 HPs)
             Began as a Djinni Conjurer on Feb 13, 2022.
             Mangled by a hornet zombie (12 damage)
             ... on level 6 of the Dungeon.
             The game lasted 00:15:02 (5520 turns).

porpoise the Skirmisher (Djinni Conjurer)           Turns: 5520, Time: 00:15:03

Health: -6/60      AC:  3    Str:  6    XL:     8   Next: 40%
Gold:   225        EV: 12    Int: 22    God:
                   SH:  0    Dex: 12

rFire   + + +      SeeInvis .   b - +0 hunting sling
rCold   . . .      Faith    .   (no shield)
rNeg    . . .      Spirit   .   n - +0 robe
rPois   ∞          Reflect  .   q - +0 helmet
rElec   .          Harm     .   B - scarf {rC+ rF+}
rCorr   .          Rampage  .   (no gloves)
Will    +....                   (boots unavailable)
Stlth   ++........              u - amulet of regeneration
HPRegen 1.00/turn               g - ring of protection from fire
MPRegen 0.00/turn               v - ring of willpower

@: flying, very slightly contaminated
A: sickness immunity, fire resistance 2, cold vulnerability 1, float, innate
caster, HP casting, extra vitality 1
a: no special abilities


You were on level 6 of the Dungeon.
You visited 1 branch of the dungeon, and saw 6 of its levels.

You collected 225 gold pieces.

Inventory:

Hand Weapons
 a - a +0 short sword
 b - a +0 hunting sling (weapon)
Missiles
 c - 18 poisoned darts
 f - 85 stones (quivered ammo)
 w - 2 boomerangs
 x - 16 arrows
Armour
 n - a +0 robe (worn)
 o - a +0 leather armour of cold resistance
 q - a +0 helmet (worn)
 B - a scarf of resistance (worn)
Jewellery
 g - a ring of protection from fire (left hand)
 j - an amulet of faith
 u - an amulet of regeneration (around neck)
 v - a ring of willpower (right hand)
Scrolls
 d - a scroll of vulnerability {unknown}
 e - a scroll of blinking {unknown}
 h - 2 scrolls of enchant weapon {unknown}
 i - a scroll of holy word {unknown}
 l - a scroll of fog {unknown}
 p - 3 scrolls of enchant armour {unknown}
 s - a scroll of fear {unknown}
 t - 2 scrolls of silence {unknown}
 y - a scroll of amnesia {unknown}
 z - a scroll of torment {unknown}
 A - a scroll of teleportation {unknown}
Potions
 k - 3 potions of curing
 m - a potion of might {unknown}
 r - a potion of lignification
 C - a potion of heal wounds {unknown}


   Skills:
 * Level 5.6 Fighting
 - Level 2.1 Dodging
 + Level 3.9 Stealth
 * Level 5.5 Spellcasting


You couldn't memorise any spells.
You knew the following spells:

 Your Spells              Type           Power      Damage    Failure   Level
a - Magic Dart            Conj           100%       1d8       1%          1
b - Searing Ray           Conj           60%        2d6       1%          2
c - Fulminant Prism       Conj/Hex       15%        3d11      10%         4
d - Iskenderun's Mystic   Conj/Tloc      30%        2d8       10%         4
q - Apportation           Tloc           60%        N/A       1%          1
t - Teleport Other        Tloc           30%        N/A       3%          3
w - Passwall              Tmut/Erth      25%        N/A       1%          2
z - Dazzling Flash        Conj/Hex       60%        N/A       3%          3
Your spell library was empty.

Dungeon Overview and Level Annotations

Branches:
Dungeon (6/15)
 Temple: D:4-7

Altars:
Uskayaw
Wu Jian


Innate Abilities, Weirdness & Mutations

You are immune to sickness and miasma.
You are immune to poison.
Your flesh is very heat resistant. (rF++)
You are vulnerable to cold. (rC-)
You float through the air rather than walking.
You learn spells naturally, not from books.
Your magical power is your life essence.
You have superior vitality. (+4 MHP)


Message History

The hornet zombie is severely damaged. (Press . to maintain the ray.)
The hornet zombie hits you!
The searing ray hits the hornet zombie.
The hornet zombie is severely damaged.
The hornet zombie closely misses you. The hornet zombie hits you!
The searing ray misses the hornet zombie.
The hornet zombie misses you.
The searing ray hits the hornet zombie.
The hornet zombie is almost destroyed.
You finish channelling your searing ray.
The hornet zombie hits you.
Casting: Searing Ray (safe; 1% risk of failure)
Confirm with . or Enter, or press ? or * to list all spells.
You miscast Iskenderun's Mystic Blast.
You are very lightly contaminated with residual magic.
You are blasted with magical energy.
* * * LOW HITPOINT WARNING * * *
x2 The hornet zombie hits you.
* * * LOW HITPOINT WARNING * * *
The hornet zombie completely misses you.
Casting: Iskenderun's Mystic Blast (dangerous; 10% risk of failure)
Confirm with . or Enter, or press ? or * to list all spells.
You miscast Iskenderun's Mystic Blast.
Nothing appears to happen.
* * * LOW HITPOINT WARNING * * *
The hornet zombie misses you.
Unknown command.
You aren't carrying any items that you can evoke.
Unknown command.
Casting: Iskenderun's Mystic Blast (dangerous; 10% risk of failure)
Confirm with . or Enter, or press ? or * to list all spells.
Aiming: Searing Ray (safe; 1% risk of failure)
Press: ? - help, Shift-Dir - straight line, f/p - hornet zombie
Aim: a hornet zombie (almost destroyed, 82% to hit)
The searing ray hits the hornet zombie.
The hornet zombie is almost destroyed. (Press . to maintain the ray.)
* * * LOW HITPOINT WARNING * * *
The hornet zombie hits you!
You die...

....... ##.......#
........## . .........#
.^### .......# #...
.......#.
#...#####........
###..#.............
#..........@..#...
#[..#.....Z.#
##.........<..# #
#............#
#########...........)#
.....##..............)#
......##.............((.
...............#.$.....(
...........)..###....


You could see a hornet zombie.

Vanquished Creatures
  A necrophage (D:4)
  An ogre (D:5)
  A phantom (D:5)
  2 scorpions (D:5)
  A howler monkey (D:5)
  2 orc priests
  2 hounds
  A centaur skeleton (D:4)
  An orc wizard (D:5)
  Terence (D:2)
  3 iguanas
  Natasha (thrice) (D:2)
  2 killer bee zombies
  Robin (D:3)
  3 gnolls (D:3)
  A howler monkey skeleton (D:4)
  2 adders
  An ufetubus (D:5)
  A worm (D:3)
  A dart slug (D:4)
  15 orcs
  6 ball pythons
  5 endoplasms
  4 giant cockroaches
  12 goblins
  14 hobgoblins
  7 jackals
  8 kobolds
  3 quokkas
  5 bats
  2 frilled lizards
  3 rats (D:2)
115 creatures vanquished.

Vanquished Creatures (others)
  2 fulminant prisms
2 creatures vanquished.

Grand Total: 117 creatures vanquished

Notes
Turn   | Place    | Note
-------+----------+-------------------------------------------
     0 | D:1      | porpoise the Djinni Conjurer began the quest for the Orb.
     0 | D:1      | Reached XP level 1. HP: 15/15 MP: 0/0
   325 | D:1      | Reached XP level 2. HP: 20/22 MP: 0/0
   744 | D:2      | Reached skill level 1 in Fighting
   951 | D:2      | Noticed Terence
   955 | D:2      | Noticed Natasha
   956 | D:2      | Killed Terence
   957 | D:2      | Reached XP level 3. HP: 15/28 MP: 0/0
   957 | D:2      | Learned a level 1 spell: Apportation
   959 | D:2      | Killed Natasha
   960 | D:2      | Reached XP level 4. HP: 5/33 MP: 0/0
  1262 | D:2      | Found an ornate altar of the Wu Jian Council.
  1534 | D:2      | Noticed Natasha
  1572 | D:2      | Killed Natasha
  1573 | D:2      | Reached XP level 5. HP: 22/39 MP: 0/0
  1573 | D:2      | Learned a level 2 spell: Passwall
  1583 | D:2      | Noticed Natasha
  1585 | D:2      | Killed Natasha
  1843 | D:2      | Found a faded altar of an unknown god.
  2521 | D:3      | Found a hide-covered altar of Uskayaw.
  2713 | D:3      | Reached XP level 6. HP: 40/46 MP: 0/0
  2756 | D:3      | Found an ornate altar of the Wu Jian Council.
  2758 | D:3      | Noticed Robin
  2762 | D:3      | Killed Robin
  3743 | D:4      | Noticed a necrophage
  3750 | D:4      | Killed a necrophage
  3751 | D:4      | Reached XP level 7. HP: 36/51 MP: 0/0
  3751 | D:4      | Learned a level 3 spell: Teleport Other
  4910 | D:5      | Entered Level 5 of the Dungeon
  5023 | D:5      | Reached skill level 5 in Spellcasting
  5093 | D:5      | Reached skill level 5 in Fighting
  5093 | D:5      | Reached XP level 8. HP: 51/59 MP: 0/0
  5520 | D:6      | Mangled by a hornet zombie

Illustrated notes

Levels and vault maps discovered:
D:1:      minmay_arrival_stone_box, layout_rooms
D:2:      layout_loops_corners, basic_altar,
          shapermc_ecumenical_altar_starsandcircs, grunt_ministairs_4,
          uniq_terence, uniq_natasha
D:3:      layout_loops_ring, mainiacjoe_overflow_alcove_4,
          nicolae_wu_jian_wuxing_cycle, uniq_robin
D:4:      layout_loops_corners
D:5:      layout_basic
D:6:      layout_cave_pools

Skill      XL: |  1  2  3  4  5  6  7 |
---------------+----------------------+-----
Fighting       | 1 2 3 5 |  5.6
Stealth        | 2 3 |  3.9
Spellcasting   | 4 5 |  5.5
Dodging        | |  2.1

Action                   |  1- 3 |  4- 6 |  7- 9 || total
-------------------------+-------+-------+-------++-------
 Fire: Hunting sling     |       |    18 |    38 ||    56
 Cast: Magic Dart        |    25 |    22 |     3 ||    50
       Searing Ray       |     3 |    32 |    35 ||    70
       Fulminant Prism   |       |       |     2 ||     2
  Use: Scroll            |       |     4 |       ||     4
Armor: Robe              |       |       |     3 ||     3
Dodge: Dodged            |     2 |     6 |    21 ||    29
